 Dungeon Crawl Stone Soup version 0.30-a0-439-g9e77e4d916 (webtiles) character file.

Game seed: 2586536232967201247

16025 CrazyBamboolord the Zephyrmancer (level 12, 0/88 HPs)
             Began as a Tengu Air Elementalist on Dec 10, 2022.
             Was an Elder of Vehumet.
             Succumbed to a cane toad's poison
             ... on level 3 of the Lair of Beasts.
             The game lasted 00:47:00 (14902 turns).

CrazyBamboolord the Zephyrmancer (TeAE)            Turns: 14902, Time: 00:47:01

Health: 0/88       AC: 26    Str:  8 (10) XL:     12   Next: 33%
Magic:  22/27      EV:  2    Int: 18 (20) God:    Vehumet [****..]
Gold:   616        SH:  0    Dex: 13 (14) Spells: 4/32 levels left

rFire   + . .      SeeInvis .    B - +3 dire flail (flame)
rCold   . . .      Faith    .    (shield currently unavailable)
rNeg    . . .      Spirit   .    (body armour currently unavailable)
rPois   +          Reflect  .    (helmet currently unavailable)
rElec   .          Harm     .    (cloak currently unavailable)
rCorr   +          Rampage  .    (gloves currently unavailable)
Will    .....      NoTele   +    (boots unavailable)
Stlth   +++.......               j - amulet of the acrobat
HPRegen 0.34/turn                g - ring of resist corrosion
MPRegen 0.20/turn                u - ring of protection from fire

@: lethally poisoned (0 -> -12), tree-form
A: stationary, stasis, torment immunity, boosted hp, (beak), (talons 3), nimble
flight
a: Renounce Religion


You were on level 3 of the Lair of Beasts.
You worshipped Vehumet.
Vehumet was greatly pleased with you.
You were a tree.
You visited 3 branches of the dungeon, and saw 13 of its levels.

You collected 726 gold pieces.
You spent 110 gold pieces at shops.

Inventory:

Hand Weapons
 o - a +3 dagger of electrocution
 B - a +3 dire flail of flaming (weapon)
Armour
 n - +0 steam dragon scales (melded)
 p - a +2 leather armour of cold resistance
 w - a +1 hat (melded)
Jewellery
 g - a ring of resist corrosion (left branch)
 j - an amulet of the acrobat (around neck)
 u - a ring of protection from fire (right branch)
 H - a ring of protection from fire
Wands
 a - a wand of roots (8)
 b - a wand of polymorph (3)
 C - a wand of charming (7)
 D - a wand of quicksilver (4)
Scrolls
 c - 6 scrolls of teleportation
 d - 4 scrolls of immolation
 e - 3 scrolls of poison
 f - a scroll of torment
 i - 2 scrolls of summoning
 k - 3 scrolls of magic mapping
 y - a scroll of vulnerability
 z - a scroll of amnesia
 E - a scroll of brand weapon
 F - a scroll of blinking {unknown}
 G - a scroll of silence
 I - 2 scrolls of identify
Potions
 h - 3 potions of might
 l - 3 potions of mutation
 m - 3 potions of degeneration
 q - 3 potions of flight
 r - a potion of haste
 s - 2 potions of lignification
 t - a potion of ambrosia {unknown}
 v - 2 potions of cancellation {unknown}
 x - a potion of attraction {unknown}
 A - 2 potions of resistance


   Skills:
 - Level 0.1 Maces & Flails
 * Level 7.1 Dodging
 * Level 7.0 Stealth
 * Level 10.8 Spellcasting
 * Level 10.1 Conjurations
 + Level 0.1 Translocations
 + Level 0.8 Ice Magic
 * Level 14.9 Air Magic


You had 4 spell levels left.
You knew the following spells:

 Your Spells              Type           Power      Damage    Failure   Level
a - Shock                 Conj/Air       100%       1d9       1%          1
b - Static Discharge      Conj/Air       100%       2-7/arc   1%          2
c - Swiftness             Air            59%        N/A       1%          3
d - Airstrike             Air            29%        2d(5-21)  1%          4
e - Vhi's Electric Charg  Tloc/Air       72%        N/A       1%          3
f - Arcjolt               Conj/Air       26%        1d36      1%          5
g - Lightning Bolt        Conj/Air       26%        1d42      1%          5
h - Freezing Cloud        Conj/Ice/Air   20%        6-21      1%          5

Your spell library contained the following spells:

 Spells                   Type           Power      Damage    Failure   Level
 Frozen Ramparts          Ice            24%        1d4       4%          3
 Kindle Blastsparks       Fire/Tloc/Air  54%        2d14      1%          3
 Stone Arrow              Conj/Erth      56%        3d10      1%          3
 Ignite Poison            Fire/Tmut/Pois 9%         N/A       6%          3
 Apportation              Tloc           20%        N/A       7%          1
 Necrotise                Necr           36%        1d5       8%          1
 Summon Small Mammal      Summ           36%        N/A       8%          1
 Ensorcelled Hibernation  Hex/Ice        22%        N/A       10%         2
 Sublimation of Blood     Necr           9%         N/A       11%         2
 Olgreb's Toxic Radiance  Pois           9%         N/A       19%         4
 Spider Form              Tmut/Pois      9%         N/A       22%         3
 Anguish                  Hex/Necr       4%         N/A       58%         4
 Animate Armour           Summ/Erth      18%        N/A       58%         4
 Animate Dead             Necr           9%         N/A       58%         4
 Petrify                  Tmut/Erth      9%         N/A       58%         4
 Irradiate                Conj/Tmut      14%        3d16      7%          5
 Metabolic Englaciation   Hex/Ice        5%         N/A       86%         5
 Statue Form              Tmut/Erth      6%         N/A       100%        6
 Haunt                    Necr/Summ      4%         N/A       100%        7
 Ozocubu's Refrigeration  Ice            6%         4d8       100%        7
 Ignition                 Fire           4%         3d4       100%        8
 Infestation              Necr           4%         N/A       100%        8
 Lehudib's Crystal Spear  Conj/Erth      14%        10d5      100%        8


Dungeon Overview and Level Annotations

Branches:
Dungeon (9/15)             Temple (1/1) D:4            Lair (3/5) D:9
  Swamp (0/4) Lair:2        Snake (0/4) Lair:3
    Orc: D:9-12

Altars:
Fedhas
Hepliaklqana
Nemelex Xobeh
Okawaru
Ru
Sif Muna
Vehumet
The Shining One

Shops:
D:3 *

Annotations:
Lair:2 3 runed translucent doors, Lasawaed's ghost, journeyman GrFE


Innate Abilities, Weirdness & Mutations

You are a tree.
Your roots penetrate the ground, keeping you stationary.
You cannot be teleported.
You are immune to unholy pain and torment.
Your maximum health is greatly increased.
Your equipment is partially melded.
((You have a beak for a mouth.))
((You have claws for feet.))
Your magical nature lets you fly swiftly and evasively.


Message History

You see here 6 stones.
You feel sick.
You feel sick.
You feel sick.
You feel sick.
You are no longer poisoned.
There is a stone staircase leading up here.
You fly upwards.
Level annotation: 3 runed translucent doors, Lasawaed's ghost, journeyman GrFE
There is a stone staircase leading down here.
You start resting.
Your extra speed is starting to run out.
You start resting.
You feel yourself slow down.
You start resting.
Magic restored.
You start resting.
HP restored.
You fly downwards.
The cane toad stings you! x2
You are poisoned.
The cane toad poisons you!
There is a stone staircase leading up, spattered with blood here.
Casting: Airstrike (safe; 1% risk of failure)
Confirm with . or Enter, or press ? or * to list all spells.
Electricity surges outward!
The cane toad is lightly wounded.
You feel very sick. The cane toad stings you!!
* * * LOW HITPOINT WARNING * * *
It was a potion of degeneration.
There was something very wrong with that liquid.
You feel weakened.
You feel dopey.
You feel clumsy.
* * * LOW HITPOINT WARNING * * *
You feel very sick. The cane toad barely misses you.
It was a potion of lignification.
You turn into a tree.
Your +1 hat melds into your body.
Your +0 steam dragon scales melds into your body.
Your roots penetrate the ground.
You die...

............(.........
#.#..##P#.#F...#...##
##### #####....#####
##....# ### #.....# #
#P#####....###
.###.###...##.......####
........................
.......♣.............÷..
........F...............
........................
##.##.#P#.#..#P###.....#
# ############ ####.##
###


You could see a cane toad.

Vanquished Creatures
  A catoblepas (Lair:2)
  A death yak (Lair:2)
  An elephant (D:9)
  2 black mambas
  6 cane toads
  A torpor snail (Lair:2)
  2 rime drakes
  A polar bear (Lair:2)
  10 blink frogs (Lair:1)
  2 wyverns (D:9)
  3 steam dragons
  2 basilisks (D:9)
  25 yaks
  Edmund (D:5)
  Menkaure (D:7)
  2 nagas (Lair:3)
  10 water moccasins
  2 ice beasts
  An orc warrior (D:9)
  A sky beast (D:6)
  4 wolves (Lair:3)
  A centaur (D:5)
  A phantom (D:5)
  3 kobold brigands
  9 bullfrogs
  A necrophage (D:8)
  2 gnoll sergeants
  3 scorpions
  4 wights (D:9)
  6 killer bees
  3 howler monkeys
  3 jellies
  3 hounds
  2 orc priests (D:7)
  2 iguanas
  A gnoll bouda (D:8)
  An orc wizard (D:9)
  11 gnolls
  5 adders
  A white imp (D:5)
  3 ufetubi
  6 worms
  2 dart slugs
  20 orcs
  6 endoplasms
  3 giant cockroaches (D:2)
  8 goblins
  4 hobgoblins
  10 jackals
  21 kobolds
  5 quokkas
  10 ball pythons
  9 bats
  A frilled lizard (D:2)
  7 rats
256 creatures vanquished.

Vanquished Creatures (others)
  14 fungi
  12 plants
26 creatures vanquished.

Grand Total: 282 creatures vanquished

Notes
Turn   | Place    | Note
-------+----------+-------------------------------------------
     0 | D:1      | CrazyBamboolord the Tengu Air Elementalist began the quest
                  | for the Orb.
     0 | D:1      | Reached XP level 1. HP: 10/10 MP: 4/4
   299 | D:1      | Reached XP level 2. HP: 15/15 MP: 4/6
   574 | D:1      | Learned a level 2 spell: Static Discharge
  1405 | D:2      | Reached XP level 3. HP: 19/19 MP: 0/7
  2114 | D:2      | Found a faded altar of an unknown god.
  2240 | D:3      | Learned a level 3 spell: Swiftness
  2322 | D:3      | Reached XP level 4. HP: 24/24 MP: 5/9
  2651 | D:3      | Reached skill level 5 in Air Magic
  3134 | D:3      | Found a blossoming altar of Fedhas.
  3286 | D:3      | Noticed a scorpion
  3295 | D:3      | Killed a scorpion
  3296 | D:3      | Gained mutation: Your magical nature lets you fly swiftly
                  | and evasively. [Tengu growth]
  3296 | D:3      | Reached XP level 5. HP: 28/28 MP: 4/10
  3350 | D:3      | Found Fys Elyrph's General Store.
  3368 | D:3      | Bought a potion of haste for 110 gold pieces
  3868 | D:4      | Found a staircase to the Ecumenical Temple.
  3894 | Temple   | Entered the Ecumenical Temple
  3900 | Temple   | Learned a level 4 spell: Airstrike
  3907 | Temple   | Became a worshipper of Vehumet
  4268 | D:4      | Reached XP level 6. HP: 30/32 MP: 3/12
  4617 | D:4      | Reached * piety under Vehumet
  4617 | D:4      | Offered knowledge of Kiss of Death by Vehumet.
  4778 | D:4      | Reached skill level 6 in Air Magic
  5097 | D:5      | Entered Level 5 of the Dungeon
  5187 | D:5      | Reached XP level 7. HP: 25/36 MP: 6/14
  5357 | D:5      | Reached skill level 5 in Conjurations
  5457 | D:5      | Noticed Edmund
  5556 | D:5      | Killed Edmund
  5557 | D:5      | Reached skill level 7 in Air Magic
  5557 | D:5      | Reached XP level 8. HP: 9/41 MP: 9/16
  6006 | D:5      | Reached skill level 5 in Spellcasting
  6589 | D:6      | Identified the +1 scale mail of the Soldier {Will+ Str+3}
  6868 | D:6      | Reached skill level 8 in Air Magic
  7137 | D:7      | Noticed Menkaure
  7244 | D:6      | Offered knowledge of Freeze by Vehumet.
  7253 | D:7      | Killed Menkaure
  7438 | D:7      | Reached XP level 9. HP: 45/45 MP: 6/19
  7441 | D:7      | Reached ** piety under Vehumet
  8121 | D:8      | Learned a level 3 spell: Vhi's Electric Charge
  8127 | D:8      | Learned a level 5 spell: Arcjolt
  8489 | D:8      | Offered knowledge of Scorch by Vehumet.
  8502 | D:8      | Reached skill level 9 in Air Magic
  8504 | D:8      | HP: 2/45 [poisoned by a gnoll bouda]
  9037 | D:8      | Found a shimmering blue altar of Sif Muna.
  9056 | D:8      | Found a glowing golden altar of the Shining One.
  9395 | D:9      | Reached *** piety under Vehumet
  9678 | D:9      | Reached skill level 5 in Stealth
  9678 | D:9      | Reached skill level 10 in Air Magic
  9822 | D:9      | Reached skill level 5 in Dodging
  9924 | D:9      | Reached XP level 10. HP: 50/50 MP: 14/22
  9948 | D:9      | Offered knowledge of Fulminant Prism by Vehumet.
  9956 | D:9      | Learned a level 5 spell: Lightning Bolt
 10263 | D:9      | Noticed an elephant
 10270 | D:9      | Killed an elephant
 10388 | D:9      | Found a staircase to the Lair.
 10405 | D:9      | Reached skill level 11 in Air Magic
 10726 | D:9      | Found a sacrificial altar of Ru.
 11006 | Lair:1   | Entered Level 1 of the Lair of Beasts
 11093 | Lair:1   | Noticed a cane toad
 11096 | Lair:1   | Killed a cane toad
 11227 | Lair:1   | Noticed a black mamba
 11230 | Lair:1   | Killed a black mamba
 11291 | Lair:1   | Noticed a cane toad
 11293 | Lair:1   | Killed a cane toad
 11349 | Lair:1   | Reached skill level 12 in Air Magic
 11486 | Lair:1   | Reached XP level 11. HP: 54/54 MP: 18/25
 11901 | Lair:1   | Reached **** piety under Vehumet
 11902 | Lair:1   | Reached skill level 13 in Air Magic
 12657 | Lair:2   | Learned a level 5 spell: Freezing Cloud
 12670 | Lair:2   | Found a staircase to the Swamp.
 12786 | Lair:2   | Offered knowledge of Frozen Ramparts by Vehumet.
 12924 | Lair:2   | Noticed a minotaur
 12925 | Lair:2   | Noticed Lasawaed's ghost (journeyman GrFE)
 12952 | Lair:2   | Found a runed translucent gate.
 12952 | Lair:2   | Found a runed translucent gate.
 12952 | Lair:2   | Found a runed translucent gate.
 12967 | Lair:2   | Reached skill level 10 in Spellcasting
 13285 | Lair:2   | Noticed a death yak
 13439 | Lair:2   | Reached skill level 14 in Air Magic
 13446 | Lair:2   | Killed a death yak
 13626 | Lair:2   | Reached XP level 12. HP: 48/59 MP: 17/27
 13782 | Lair:2   | Noticed a catoblepas
 13909 | Lair:2   | Killed a catoblepas
 13910 | Lair:2   | Reached skill level 10 in Conjurations
 14493 | Lair:3   | Found a staircase to the Snake Pit.
 14901 | Lair:3   | HP: 2/59 [poisoned by a cane toad]
 14902 | Lair:3   | Succumbed to a cane toad's poison

Illustrated notes

Levels and vault maps discovered:
D:1:      ncdulo_wetmaze, layout_rooms, serial_co_window_serial,
          co_window_paths_b, co_window_paths_b, co_window_paths_a,
          co_window_corner_a, co_window_cross_1, co_window_of_opportunity_b,
          co_window_broadway_c, co_window_cross_2, co_window_corner_b,
          co_window_broadway_c, co_window_2corner, co_window_paths_d,
          co_window_paths_e, glass_columns_a, glass_columns_c,
          minmay_pentomino_q2
D:2:      layout_rooms, hellmonk_ecumenical_altar_leap_of_faith
D:3:      layout_loops_corners, fedhas_altar_4, serial_shops,
          nicolae_shop_advertising_works [nicolae_subvault_shop_adworks],
          nrook_loot_triangle
D:4:      layout_basic, minmay_temple_entry_junction, minivault_27
D:5:      layout_loops_ring, uniq_edmund
D:6:      layout_loops_cross
D:7:      layout_cave_pools, serial_column_ruins, column_ruins_square_huge,
          column_ruins_hut, column_ruins_open_small, column_ruins_open_tiny,
          column_ruins_columns_straight, column_ruins_open_tiny,
          column_ruins_open_tiny, hangedman_decor_opposing, uniq_menkaure
D:8:      layout_loops_cross, minitemple
D:9:      layout_irregular_city, nicolae_ru_path_of_blood, david_lair_generic
Temple:   regret_index_temple_mists
Lair:1:   layout_cave_pods, grunt_megastairs_5
Lair:2:   layout_loops_ring, swamp_mist, maelrawn_ghost_gauntlet_escape,
          beast_lair_carwin_7
Lair:3:   layout_long_grid, guppyfry_snake_entry_garden, st_stairs_13,
          amcnicky_mini_pool_medium

Skill      XL: |  1  2  3  4  5  6  7  8  9 10 11 12 |
---------------+-------------------------------------+-----
Conjurations   | 2 3 4 5 6 7 8 9 10 | 10.1
Air Magic      | 5 6 7 8 10 12 14 | 14.9
Spellcasting   | 3 4 6 7 9 10 | 10.8
Dodging        | 3 4 5 6 7 |  7.1
Stealth        | 3 4 5 6 7 |  7.0
Maces & Flails | |  0.1
Translocations | |  0.1
Ice Magic      | |  0.8

Action                   |  1- 3 |  4- 6 |  7- 9 | 10-12 || total
-------------------------+-------+-------+-------+-------++-------
Melee: Unarmed           |     6 |       |       |       ||     6
       Kick              |     3 |       |     6 |     8 ||    17
       Peck              |     1 |       |     8 |     8 ||    17
       Dagger            |       |       |    20 |       ||    20
       Dire flail        |       |       |    10 |    27 ||    37
 Cast: Shock             |    84 |   155 |   162 |     9 ||   410
       Static Discharge  |       |     2 |    16 |       ||    18
       Airstrike         |       |       |    28 |    83 ||   111
       Vhi's Electric Ch |       |       |     6 |     1 ||     7
       Arcjolt           |       |       |     2 |    31 ||    33
       Lightning Bolt    |       |       |       |    23 ||    23
       Freezing Cloud    |       |       |       |     6 ||     6
  Use: Scroll            |     5 |     6 |     8 |     4 ||    23
       Potion            |       |       |     6 |     5 ||    11
Armor: Robe              |     3 |     2 |       |       ||     5
       Leather armour    |       |       |    21 |    11 ||    32
       Steam dragon scal |       |       |       |     1 ||     1
Dodge: Dodged            |    15 |    17 |    81 |    91 ||   204

Table legend: (Time is in decaauts)
 A = Elapsed time spent in this place.
 B = Non-inter-level travel time spent in this place.
 C = Inter-level travel time spent in this place.
 D = Time resting spent in this place.
 E = Time spent auto-exploring this place.
 F = Levels seen in this place.
 G = Mean time per level.
                   A        B        C        D        E       F      G
               +--------+--------+--------+--------+--------+-----+--------+
         Total |  14336 |  13917 |    419 |   1656 |  10389 |  13 | 1102.8 |
       Dungeon |  10707 |  10343 |    364 |    800 |   8221 |   9 | 1189.7 |
        Temple |     20 |      8 |     12 |      0 |      0 |   1 |   20.0 |
          Lair |   3608 |   3566 |     42 |    856 |   2167 |   3 | 1202.7 |
               +--------+--------+--------+--------+--------+-----+--------+

Top non-repeatable levels by time:
     D:9: 1786 daAuts
  Lair:2: 1688 daAuts
  Lair:1: 1592 daAuts
     D:3: 1501 daAuts
     D:1: 1295 daAuts
     D:5: 1283 daAuts
     D:4: 1279 daAuts
     D:8: 987 daAuts
     D:2: 910 daAuts
     D:7: 899 daAuts
     D:6: 763 daAuts
  Lair:3: 328 daAuts
  Temple: 20 daAuts
